BSA
MAUI TROPICS @ EL DORADO OILERS
03/08/2030
 
TOP OF THE 1ST
Maui Tropics batting - Pitching for El Dorado Oilers : RHP Félix Andrade
Pitching: RHP Félix Andrade
Batting: RHB Roberto Gómez 0-0: Ground out 4-3 (Groundball, 4)
Batting: LHB Dave Cook 0-0: Called Strike
0-1: Ball
1-1: Ground out 6-3 (Groundball, 56)
Batting: RHB Jesús Espinoza 0-0: Ball
1-0: SINGLE (Line Drive, 34)
Batting: LHB Luis Antonio Torres 0-0: Ball
1-0: Ball
2-0: 2-RUN HOME RUN (Flyball, 9LD), Distance : 342 ft
Batting: LHB Don Hull 0-0: Called Strike
0-1: Swinging Strike
0-2: Fly out, F6 (Line Drive, 6MD)
Top of the 1st over - 2 runs, 2 hits, 0 errors, 0 left on base; Maui 2 - El Dorado 0
BOTTOM OF THE 1ST
El Dorado Oilers batting - Pitching for Maui Tropics : RHP David Bailey
Pitching: RHP David Bailey
Batting: RHB Tony Hernández 0-0: SINGLE (Line Drive, 9S)
Batting: RHB José Carlos Caraballo 0-0: Ball
Tony Hernández is caught stealing 2nd base
1-0: Ball
2-0: Ball
3-0: Called Strike
3-1: Foul Ball, location: 2F
3-2: SINGLE (Line Drive, 56D)
Batting: LHB José Hernández 0-0: Called Strike
0-1: Ball
1-1: Ball
2-1: Ball
3-1: 2-RUN HOME RUN (Flyball, 9D), Distance : 385 ft
Batting: LHB Robinson López 0-0: Ground out 4-3 (Groundball, 4S)
Batting: LHB Ashley Pickhills 0-0: Called Strike
0-1: Ball
1-1: Ball
2-1: Called Strike
2-2: Ball
3-2: Base on Balls
Batting: RHB Sixto Vélez 0-0: Called Strike
0-1: Ball
1-1: Ball
2-1: Ball
3-1: Called Strike
3-2: Base on Balls
Ashley Pickhills to second
Pitching: RHP Ernest Elliott
Batting: RHB Bob Johnson 0-0: Ball
1-0: Called Strike
1-1: Foul Ball, location: 2F
1-2: Ball
2-2: Strikes out swinging
Bottom of the 1st over - 2 runs, 3 hits, 0 errors, 2 left on base; Maui 2 - El Dorado 2
TOP OF THE 2ND
Maui Tropics batting - Pitching for El Dorado Oilers : RHP Félix Andrade
Batting: RHB Michael Woodruff 0-0: Fly out, F6 (Popup, 4MD)
Batting: RHB Matt Silver 0-0: Called Strike
0-1: Ball
1-1: Ball
2-1: Swinging Strike
2-2: Ball
3-2: Fly out, F5 (Line Drive, 56)
Batting: RHB José Rodríguez 0-0: Fly out, F7 (Flyball, 7D)
Top of the 2nd over - 0 runs, 0 hits, 0 errors, 0 left on base; Maui 2 - El Dorado 2
BOTTOM OF THE 2ND
El Dorado Oilers batting - Pitching for Maui Tropics : RHP Ernest Elliott
Batting: RHB Nick Webb 0-0: Ball
1-0: SINGLE (Line Drive, 4M)
Batting: SHB Theron Harper 0-0: Fly out, F8 (Line Drive, 8RM)
Batting: RHB Tony Hernández 0-0: Ball
1-0: Ball
2-0: Swinging Strike
2-1: SINGLE (Flyball, 8RS)
Nick Webb to second
Runner from 2nd tries for 3rd, SAFE, no throw
Batting: RHB José Carlos Caraballo 0-0: Ball
1-0: Swinging Strike
1-1: DOUBLE (Line Drive, 7D)
Nick Webb scores
Tony Hernández to third
Runner from 3rd tries for Home, SAFE, no throw
Batting: LHB José Hernández 0-0: Ball
1-0: Ball
2-0: Fly out, F9 (Flyball, 9S)
Batting: LHB Robinson López 0-0: Ball
1-0: Ball
2-0: Ball
3-0: Called Strike
3-1: Base on Balls
Batting: LHB Ashley Pickhills 0-0: Ball
1-0: SINGLE (Groundball, 4MD)
José Carlos Caraballo to third
Robinson López to second
Runner from 3rd tries for Home, SAFE, no throw
Pitching: RHP Ramón Estrada
Batting: RHB Sixto Vélez 0-0: Fly out, F9 (Flyball, 89M)
Bottom of the 2nd over - 3 runs, 4 hits, 0 errors, 2 left on base; Maui 2 - El Dorado 5
TOP OF THE 3RD
Maui Tropics batting - Pitching for El Dorado Oilers : RHP Félix Andrade
Batting: RHB John Brown 0-0: Foul Ball, location: 2F
0-1: Fly out, F8 (Line Drive, 8RD)
Batting: RHB Roberto Gómez 0-0: Ball
1-0: Foul Ball, location: 2F
1-1: Ground out 4-3 (Groundball, 4)
Batting: LHB Dave Cook 0-0: Foul Ball, location: 2F
0-1: Ground out U3 (Groundball, 3S)
Top of the 3rd over - 0 runs, 0 hits, 0 errors, 0 left on base; Maui 2 - El Dorado 5
BOTTOM OF THE 3RD
El Dorado Oilers batting - Pitching for Maui Tropics : RHP Ramón Estrada
Batting: RHB Bob Johnson 0-0: Ball
1-0: Ball
2-0: Ball
3-0: Called Strike
3-1: Ground out 1-3 (Groundball, P)
Batting: RHB Nick Webb 0-0: Ball
1-0: Swinging Strike
1-1: Ball
2-1: Called Strike
2-2: Ball
3-2: Fly out, F3 (Popup, 3)
Batting: SHB Theron Harper 0-0: Ball
1-0: Foul Ball, location: 2F
1-1: Ball
2-1: Fly out, F4 (Line Drive, 4)
Bottom of the 3rd over - 0 runs, 0 hits, 0 errors, 0 left on base; Maui 2 - El Dorado 5
TOP OF THE 4TH
Maui Tropics batting - Pitching for El Dorado Oilers : RHP Félix Andrade
Pitching: RHP Ken Lyons
Batting: RHB Jesús Espinoza 0-0: Ball
1-0: Ground out 6-3 (Groundball, 56)
Batting: LHB Luis Antonio Torres 0-0: Called Strike
0-1: Swinging Strike
0-2: Strikes out looking
Batting: LHB Don Hull 0-0: Fly out, F7 (Flyball, 7LS)
Top of the 4th over - 0 runs, 0 hits, 0 errors, 0 left on base; Maui 2 - El Dorado 5
BOTTOM OF THE 4TH
El Dorado Oilers batting - Pitching for Maui Tropics : RHP Ramón Estrada
Batting: RHB Tony Hernández 0-0: Ball
1-0: SINGLE (Groundball, 25) (infield hit)
Batting: RHB José Carlos Caraballo 0-0: SINGLE (Groundball, 3D)
Tony Hernández to second
Runner from 2nd tries for 3rd, SAFE, no throw
Batting: LHB José Hernández 0-0: Ball
1-0: Swinging Strike
1-1: SINGLE (Flyball, 89S)
Tony Hernández scores
José Carlos Caraballo to second
Runner from 2nd tries for 3rd, SAFE, no throw
Batting: LHB Robinson López 0-0: Called Strike
0-1: Fly out, F7 (Flyball, 7LM)
Runner from 3rd tags up, SCORES, throw made
Batting: LHB Ashley Pickhills 0-0: Called Strike
0-1: Foul Ball, location: 2F
0-2: Ball
1-2: DOUBLE (Line Drive, 9D)
José Hernández to third
Batting: RHB Sixto Vélez 0-0: Called Strike
0-1: Ball
1-1: Ball
2-1: Ball
3-1: Base on Balls
Batting: RHB Bob Johnson 0-0: Ground out 5-3 (Groundball, 56S)
José Hernández scores
Ashley Pickhills to third
Sixto Vélez to second
Batting: RHB Nick Webb 0-0: Fly out, F9 (Flyball, 89S)
Bottom of the 4th over - 3 runs, 4 hits, 0 errors, 2 left on base; Maui 2 - El Dorado 8
TOP OF THE 5TH
Maui Tropics batting - Pitching for El Dorado Oilers : RHP Ken Lyons
Batting: RHB Michael Woodruff 0-0: Ball
1-0: Ball
2-0: Called Strike
2-1: Fly out, F8 (Flyball, 8RS)
Batting: RHB Matt Silver 0-0: Ball
1-0: Ball
2-0: Ball
3-0: Called Strike
3-1: Base on Balls
Batting: RHB José Rodríguez 0-0: Foul Ball, location: 2F
0-1: Foul Ball, location: 2F
0-2: Grounds into double play, 4-6-3 (Groundball, 4)
Top of the 5th over - 0 runs, 0 hits, 0 errors, 0 left on base; Maui 2 - El Dorado 8
BOTTOM OF THE 5TH
El Dorado Oilers batting - Pitching for Maui Tropics : RHP Ramón Estrada
Batting: SHB Theron Harper 0-0: SINGLE (Groundball, 4MD)
Pinch Hitting: RHB Ernesto Acosta 0-0: Foul Ball, location: 2F
0-1: Ball
1-1: Ground out 6-3 (Groundball, 6S)
Theron Harper to second
Pinch Hitting: LHB Al Gaines 0-0: Called Strike
0-1: Ball
1-1: Called Strike
1-2: Fly out, F8 (Flyball, 8LS)
Batting: LHB José Rivera 0-0: Ball
1-0: Ball
2-0: Ball
3-0: Called Strike
3-1: Swinging Strike
3-2: Strikes out swinging
Bottom of the 5th over - 0 runs, 1 hit, 0 errors, 1 left on base; Maui 2 - El Dorado 8
TOP OF THE 6TH
Maui Tropics batting - Pitching for El Dorado Oilers : RHP Ken Lyons
Now in CF: Chris Miller
Now in RF: Al Gaines
Batting: RHB John Brown 0-0: TRIPLE (Flyball, 9D)
Batting: RHB Roberto Gómez 0-0: Ball
1-0: Called Strike
1-1: Fly out, F8 (Flyball, 8LD)
Runner from 3rd tags up, SCORES, throw made
Batting: LHB Dave Cook 0-0: Ball
1-0: Called Strike
1-1: Ball
2-1: Ball
3-1: Base on Balls
Batting: RHB Jesús Espinoza 0-0: SINGLE (Line Drive, 89S)
Dave Cook to second
Batting: LHB Luis Antonio Torres 0-0: Called Strike
0-1: Hit by Pitch
Dave Cook to third
Jesús Espinoza to second
Batting: LHB Don Hull 0-0: Called Strike
0-1: Ball
1-1: Foul Ball, location: 2F
1-2: Fly out, F5 (Line Drive, 56)
Batting: RHB Michael Woodruff 0-0: Ball
1-0: Ball
2-0: Called Strike
2-1: Ball
3-1: Called Strike
3-2: Foul Ball, location: 2F
3-2: Base on Balls
Dave Cook scores
Jesús Espinoza to third
Luis Antonio Torres to second
Batting: RHB Matt Silver 0-0: Ball
1-0: Foul Ball, location: 2F
1-1: Ball
2-1: Fielders Choice at 2nd, 5-4 (Groundball, 56)
Top of the 6th over - 2 runs, 2 hits, 0 errors, 3 left on base; Maui 4 - El Dorado 8
BOTTOM OF THE 6TH
El Dorado Oilers batting - Pitching for Maui Tropics : RHP Ramón Estrada
Pinch Hitting: SHB Orlando Aguilar 0-0: Called Strike
0-1: DOUBLE (Flyball, 8LXD)
Pinch Hitting: LHB Bob Jones 0-0: Fly out, F7 (Flyball, 7)
Pinch Hitting: RHB Chris Parker 0-0: Ball
1-0: Ball
2-0: Ball
3-0: Called Strike
3-1: Foul Ball, location: 2F
3-2: Base on Balls
Batting: RHB Bob Johnson 0-0: Ball
1-0: Called Strike
1-1: Ball
2-1: Foul Ball, location: 2F
2-2: Foul Ball, location: 2F
2-2: Foul Ball, location: 2F
2-2: Ball
3-2: Foul Ball, location: 2F
3-2: Base on Balls
Orlando Aguilar to third
Chris Parker to second
Pinch Hitting: RHB Carlos Vásquez 0-0: Ball
1-0: Ball
2-0: Called Strike
2-1: Ball
3-1: Foul Ball, location: 2F
3-2: SINGLE (Line Drive, 34)
Orlando Aguilar scores
Chris Parker to third
Bob Johnson to second
Runner from 3rd tries for Home, SAFE, no throw
Pitching: RHP César Rúbio
Pinch Hitting: RHB José Montoya 0-0: Foul Ball, location: 2F
0-1: Ball
1-1: Ball
2-1: Swinging Strike
2-2: Ball
3-2: Strikes out swinging
Batting: LHB Chris Miller 0-0: Called Strike
0-1: Ball
1-1: Foul Ball, location: 2F
1-2: Ball
2-2: Ball
3-2: Foul Ball, location: 2F
3-2: Fly out, F7 (Flyball, 78M)
Bottom of the 6th over - 2 runs, 2 hits, 0 errors, 2 left on base; Maui 4 - El Dorado 10
TOP OF THE 7TH
Maui Tropics batting - Pitching for El Dorado Oilers : RHP Ken Lyons
Now at 1B: Chris Parker
Now at 2B: José Montoya
Now at 3B: Orlando Aguilar
Now at SS: Carlos Vásquez
Now in LF: Bob Jones
Batting: RHB José Rodríguez 0-0: DOUBLE (Line Drive, 3D)
Batting: RHB John Brown 0-0: Ball
1-0: Ball
2-0: Swinging Strike
2-1: Ball
3-1: Base on Balls
Pinch Hitting: RHB Luis Alou 0-0: Called Strike
0-1: Swinging Strike
0-2: Ball
1-2: Strikes out swinging
Pitching: RHP Michael Young
Batting: LHB Ernesto López 0-0: Ball
1-0: Ball
2-0: Fly out, F7 (Flyball, 7LS)
Pinch Hitting: LHB Warren Potter 0-0: Called Strike
0-1: Ball
1-1: Ball
2-1: SINGLE (Groundball, 4MD)
José Rodríguez to third
John Brown to second
Runner from 3rd tries for Home, SAFE, no throw
Pinch Hitting: RHB Bobby Murdock 0-0: Ball
1-0: Foul Ball, location: 2F
1-1: Ball
2-1: Foul Ball, location: 2F
2-2: SINGLE (Groundball, 6MD)
John Brown to third
Warren Potter to second
Runner from 3rd tries for Home, SAFE, no throw
Pinch Hitting: RHB Reynaldo Slomp 0-0: Ball
1-0: Ball
2-0: Ball
3-0: Base on Balls
Warren Potter to third
Bobby Murdock to second
Batting: RHB Michael Woodruff 0-0: Ball
1-0: SINGLE (Groundball, 56D)
Warren Potter scores
Bobby Murdock to third
Reynaldo Slomp to second
Runner from 3rd tries for Home, SAFE, no throw
Pinch Hitting: LHB Mark Everett 0-0: Swinging Strike
0-1: Called Strike
0-2: Foul Ball, location: 2F
0-2: Ball
1-2: Ball
2-2: 3-RUN HOME RUN (Flyball, 9D), Distance : 387 ft
Pinch Hitting: RHB Bo Vickers 0-0: Foul Ball, location: 2F
0-1: Ball
1-1: Foul Ball, location: 2F
1-2: Strikes out looking
Top of the 7th over - 7 runs, 5 hits, 0 errors, 0 left on base; Maui 11 - El Dorado 10
BOTTOM OF THE 7TH
El Dorado Oilers batting - Pitching for Maui Tropics : RHP César Rúbio
Now at 1B: Mark Everett
Now at 3B: Bo Vickers
Now at SS: Reynaldo Slomp
Now in LF: Luis Alou
Now in CF: Warren Potter
Now in RF: Bobby Murdock
Batting: LHB Al Gaines 0-0: Called Strike
0-1: Ball
1-1: Ground out 4-3 (Groundball, 4)
Batting: LHB José Rivera 0-0: SINGLE (Line Drive, 9S)
Batting: SHB Orlando Aguilar 0-0: Ball
1-0: SINGLE (Line Drive, 8RS)
José Rivera to second
Batting: LHB Bob Jones 0-0: Ball
1-0: Foul Ball, location: 2F
1-1: Foul Ball, location: 2F
1-2: Ball
2-2: Strikes out swinging
Batting: RHB Chris Parker 0-0: Swinging Strike
0-1: SINGLE (Line Drive, 8RS)
José Rivera to third
Orlando Aguilar to second
Batting: RHB Bob Johnson 0-0: Ball
1-0: Swinging Strike
1-1: Swinging Strike
1-2: Strikes out swinging
Bottom of the 7th over - 0 runs, 3 hits, 0 errors, 3 left on base; Maui 11 - El Dorado 10
TOP OF THE 8TH
Maui Tropics batting - Pitching for El Dorado Oilers : RHP Michael Young
Pinch Hitting: LHB Juan Medina 0-0: Called Strike
0-1: Called Strike
0-2: Foul Ball, location: 2F
0-2: Ball
1-2: Ball
2-2: Ball
3-2: Base on Balls
Batting: RHB Luis Alou 0-0: Bunted foul
0-1: Ball
1-1: Sac Bunt - play at first, batter OUT! 1-4
Juan Medina to second
Batting: LHB Ernesto López 0-0: Foul Ball, location: 2F
0-1: Ball
1-1: Foul Ball, location: 2F
1-2: Ball
2-2: Foul Ball, location: 2F
2-2: Ball
3-2: Base on Balls
Batting: LHB Warren Potter 0-0: Fly out, F6 (Popup, 6D)
Batting: RHB Bobby Murdock 0-0: Ball
1-0: Fielders Choice at 2nd, 6-4 (Groundball, 6)
Top of the 8th over - 0 runs, 0 hits, 0 errors, 2 left on base; Maui 11 - El Dorado 10
BOTTOM OF THE 8TH
El Dorado Oilers batting - Pitching for Maui Tropics : RHP César Rúbio
Now at 2B: Alfredo Ramírez
Batting: RHB Carlos Vásquez 0-0: SINGLE (Groundball, 34D)
Batting: RHB José Montoya 0-0: Ball
1-0: Sac Bunt - play at first, batter OUT! 5-4
Carlos Vásquez to second
Batting: LHB Chris Miller 0-0: Ball
1-0: DOUBLE (Line Drive, 89D)
Carlos Vásquez scores
Batting: LHB Al Gaines 0-0: Ball
1-0: Ball
2-0: Ground out U3 (Groundball, 34)
Chris Miller to third
Batting: LHB José Rivera 0-0: Ball
1-0: Called Strike
1-1: 2-RUN HOME RUN (Flyball, 9D), Distance : 394 ft
Pitching: RHP Cliff Erwin
Batting: SHB Orlando Aguilar 0-0: Ball
1-0: Foul Ball, location: 2F
1-1: Ball
2-1: Swinging Strike
2-2: Ground out U3 (Groundball, 3)
Bottom of the 8th over - 3 runs, 3 hits, 0 errors, 0 left on base; Maui 11 - El Dorado 13
TOP OF THE 9TH
Maui Tropics batting - Pitching for El Dorado Oilers : RHP Michael Young
Batting: RHB Reynaldo Slomp 0-0: Ball
1-0: Called Strike
1-1: Fly out, F9 (Flyball, 89S)
Pinch Hitting: RHB Ximena Campos 0-0: Called Strike
0-1: Swinging Strike
0-2: Foul Ball, location: 2F
0-2: Ball
1-2: Ball
2-2: Foul Ball, location: 2F
2-2: Ball
3-2: Strikes out swinging
Batting: LHB Mark Everett 0-0: Called Strike
0-1: Swinging Strike
0-2: Ball
1-2: Fly out, F7 (Flyball, 7D)
Top of the 9th over - 0 runs, 0 hits, 0 errors, 0 left on base; Maui 11 - El Dorado 13
Saturday, April 7th, 2018 - OOTP Baseball 18.8 Build 76